 Dungeon Crawl Stone Soup version 0.30.0-17-ge0270778cf (webtiles) character file.

Game seed: 3673932246810518355

124 Kranky the Trooper (level 5, -1/54 HPs)
             Began as an Ogre Warper on May 23, 2023.
             Slain by a goblin
             ... wielding a +0 club
             ... led by Robin
              (3 damage)
             ... on level 2 of the Dungeon.
             The game lasted 00:03:33 (1752 turns).

Kranky the Trooper (Ogre Warper)                    Turns: 1752, Time: 00:03:33

Health: -1/54      AC:  3    Str: 17    XL:     5   Next: 8%
Magic:  9/9        EV:  9    Int: 14    God:
Gold:   75         SH:  0    Dex:  8    Spells: 8/10 levels left

rFire   . . .        a - +0 spear
rCold   . . .        (no shield)
rNeg    . . .        b - +0 robe
rPois   .            (helmet restricted)
rElec   .            (no cloak)
rCorr   .            (gloves unavailable)
SInv    .            (boots unavailable)
Will    .....        (no amulet)
Stlth   +            (no ring)
HPRegen 0.29/turn    (no ring)
MPRegen 0.11/turn

%: no passive effects
@: no status effects
A: large, unfitting armour, tough skin 1
a: no special abilities


You were on level 2 of the Dungeon.
You visited 1 branch of the dungeon, and saw 2 of its levels.

You collected 75 gold pieces.

Inventory:

Hand Weapons
 a - a +0 spear (weapon)
Missiles
 d - 7 boomerangs of dispersal (quivered)
 i - a throwing net
Armour
 b - a +0 robe (worn)
Jewellery
 g - a ring of fire
Scrolls
 c - a scroll of blinking
 e - 2 scrolls of identify {unknown}
 f - a scroll of enchant armour {unknown}
Potions
 h - a potion of heal wounds {unknown}
 j - a potion of degeneration {unknown}
 k - 2 potions of curing {unknown}


   Skills:
 + Level 3.7 Fighting
 + Level 2.8 Polearms
 - Level 1.1 Throwing
 + Level 1.3 Armour
 - Level 2.2 Dodging
 + Level 3.3 Spellcasting
 + Level 3.2 Translocations


You had 8 spell levels left.
You knew the following spells:

 Your Spells              Type           Power      Damage    Failure   Level
a - Blink                 Tloc           22%        N/A       9%          2

Your spell library contained the following spells:

 Spells                   Type           Power      Damage    Failure   Level
 Lesser Beckoning         Tloc           22%        N/A       9%          2
 Gell's Gravitas          Tloc           11%        N/A       16%         3
 Teleport Other           Tloc           11%        N/A       16%         3
 Vhi's Electric Charge    Tloc/Air       12%        N/A       32%         3
 Manifold Assault         Tloc           11%        N/A       47%         4


Dungeon Overview and Level Annotations

Branches:
Dungeon (2/15)

Altars:

Shops:
D:1 ((


Innate Abilities, Weirdness & Mutations

You are too large for most types of armour.
You have tough skin. (AC +1)


Message History

You completely miss Robin.
Robin is almost dead.
Robin closely misses you.
You hit Robin but do no damage.
Robin is almost dead.
A goblin comes into view. It is wielding a +0 dagger.
The goblin hits you with a +0 club. Robin throws the goblin at you!
You hit Robin.
You kill Robin!
The goblin hits you with a +0 club. x2
You have reached level 5!
You closely miss the goblin. The goblin closely misses you.
The goblin hits you with a +0 club.
A goblin comes into view. It is wielding a +0 club.
You barely miss the goblin. The goblin barely misses you.
The goblin hits you but does no damage.
You closely miss the goblin. The goblin hits you with a +0 club. x2
You barely miss the goblin. The goblin hits you but does no damage.
The goblin hits you with a +0 club.
* * * LOW HITPOINT WARNING * * *
You hit the goblin.
You kill the goblin!
The goblin barely misses you. The goblin hits you but does no damage.
A hobgoblin comes into view.
The goblin hits you but does no damage. The goblin hits you with a +0 dagger.
* * * LOW HITPOINT WARNING * * *
Things that are here:
a +0 club; a goblin corpse The hobgoblin shouts!
The goblin hits you with a +0 club.
* * * LOW HITPOINT WARNING * * *
The goblin hits you but does no damage.
You hit the goblin but do no damage. The goblin hits you with a +0 club.
* * * LOW HITPOINT WARNING * * *
The goblin barely misses you. The goblin misses you.
You closely miss the goblin. You puncture the goblin!
You kill the goblin!
The goblin closely misses you. The goblin hits you with a +0 club.
You die...

#.#............## ##
#.#.[..............##
....................
..######.......###.#
..# #..........#...#
#.# #.......##'#.g.#
..# #.......#......#
..# #.......#....g)#
..# #.......#...@).#
..# #.......#....g.#
#.# #######.......)#
#.# #.....#.#......
#.# #.....#.#.####.
#.### #.....#.#.#
#...# #...)##.#.#
....# #....##.#(#
....# ####.##.#


You could see a hobgoblin and 2 goblins.

Vanquished Creatures
  Jessica (D:2)
  Robin (D:2)
  3 gnolls
  2 dart slugs (D:1)
  4 endoplasms
  2 giant cockroaches
  11 goblins
  6 hobgoblins
  3 jackals (D:1)
  2 quokkas (D:1)
  6 ball pythons
  4 bats
  5 frilled lizards
  2 kobolds (D:1)
  A rat (D:2)
53 creatures vanquished.

Notes
Turn   | Place    | Note
-------+----------+-------------------------------------------
     0 | D:1      | Kranky the Ogre Warper began the quest for the Orb.
     0 | D:1      | Reached XP level 1. HP: 22/22 MP: 3/3
    57 | D:1      | Reached XP level 2. HP: 29/29 MP: 5/5
    60 | D:1      | Learned a level 2 spell: Blink
   437 | D:1      | Reached XP level 3. HP: 33/37 MP: 7/7
   618 | D:1      | Found Soluban's Antique Weapon Emporium.
   807 | D:1      | Found Lissoff's Weapon Boutique.
   852 | D:2      | Noticed Jessica
   863 | D:2      | Killed Jessica
   864 | D:2      | Reached skill level 1 in Armour
   864 | D:2      | Reached XP level 4. HP: 44/45 MP: 8/8
  1730 | D:2      | Noticed Robin
  1742 | D:2      | Killed Robin
  1743 | D:2      | Reached XP level 5. HP: 30/54 MP: 9/9
  1750 | D:2      | HP: 2/54 [goblin/+0 club[Robin] (3)]
  1752 | D:2      | Slain by a goblin

Illustrated notes

Levels and vault maps discovered:
D:1:      onia_arrival_pentagram, layout_basic, serial_shops,
          nicolae_shop_behind_doors, nicolae_shop_bloodbath_and_beyond,
          serial_curves, eino_curves_01, eino_curves_02
D:2:      layout_basic, kennysheep_potato, uniq_robin, uniq_jessica

Skill      XL: |  1  2  3 |
---------------+----------+-----
Fighting       | 3 |  3.7
Translocations | 3 |  3.2
Armour         | 1 |  1.3
Spellcasting   | 3 |  3.3
Polearms       | |  2.8
Throwing       | |  1.1
Dodging        | |  2.2

Action                     |  1- 3 |  4- 6 || total
---------------------------+-------+-------++-------
  Melee: Spear             |    97 |    87 ||   184
         Punch             |       |     1 ||     1
   Stab: Sleeping          |     1 |       ||     1
 Armour: Robe              |    23 |    19 ||    42
  Dodge: Dodged            |    38 |    43 ||    81
